 Dungeon Crawl Stone Soup version 0.23-a0-307-gc3b755d021 (webtiles) character file.

688 Leibowitz the Sneak (level 7, -5/41 HPs)
             Began as a Tengu Assassin on Oct 10, 2018.
             Slain by an ice beast (10 damage)
             ... on level 5 of the Dungeon.
             The game lasted 00:11:53 (3609 turns).

Leibowitz the Sneak (Tengu Assassin)                Turns: 3609, Time: 00:11:53

Health: -5/41      AC:  4    Str: 12    XL:     7   Next: 62%
Magic:  8/8        EV: 13    Int: 11    God:
Gold:   253        SH:  0    Dex: 17    Spells: 6/6 levels left

rFire    . . .     SeeInvis .   a - +4 dagger (venom)
rCold    . . .     Gourm    .   (no shield)
rNeg     . . .     Faith    .   c - +0 robe
rPois    .         Spirit   .   (helmet restricted)
rElec    .         Reflect  .   d - +1 cloak
rCorr    .         Harm     .   (no gloves)
MR       .....                  (boots unavailable)
Stlth    ++++......             (no amulet)
HPRegen  0.13/turn              (no ring)
MPRegen  0.11/turn              (no ring)

@: no status effects
A: beak, talons 3, able to fly 1
a: Fly


You were on level 5 of the Dungeon.
You were not hungry.

You visited 1 branch of the dungeon, and saw 5 of its levels.

You collected 253 gold pieces.

Inventory:

Hand Weapons
 a - a +4 dagger of venom (weapon)
 b - a +0 blowgun
Missiles
 e - 6 poisoned needles
 f - a curare-tipped needle
 m - 3 needles of paralysis
Armour
 c - a +0 robe (worn)
 d - a +1 cloak (worn)
Wands
 o - a wand of digging (5)
Scrolls
 j - a scroll of enchant weapon
 l - a scroll of fear {unknown}
 n - a scroll of amnesia
 p - a scroll of remove curse
 r - a scroll of identify
Potions
 h - a potion of flight {unknown}
 i - a potion of curing
 k - 2 potions of lignification {unknown}
 q - 3 potions of mutation
Comestibles
 g - 5 rations
 s - a chunk of flesh


   Skills:
 * Level 3.2 Fighting
 * Level 4.6 Short Blades
 + Level 2.8 Throwing
 * Level 2.5 Armour
 * Level 3.0 Dodging
 * Level 6.8 Stealth


You had 6 spell levels left.
You didn't know any spells.
Your spell library was empty.

Dungeon Overview and Level Annotations

Branches:
Dungeon (5/15)
 Temple: D:4-7

Altars:
Ashenzari
Fedhas
Kikubaaqudgha
Qazlal
Vehumet
Yredelemnul

Shops:
D:5 :

Annotations:
D:3 Natasha


Innate Abilities, Weirdness & Mutations

You have a beak for a mouth.
You have claws for feet.
You can fly.


Message History

It is a scroll of identify.
q - 3 potions of mutation The ice beast hits you but does no damage.
You barely miss the ice beast.
The ice beast is moderately wounded.
The ice beast barely misses you.
You barely miss the ice beast. You peck the ice beast.
The ice beast is moderately wounded.
The ice beast closely misses you.
You closely miss the ice beast.
You peck the ice beast, but do no damage.
The ice beast is moderately wounded.
The ice beast hits you.
* * * LOW HITPOINT WARNING * * *
The ice beast freezes you!
* * * LOW HITPOINT WARNING * * *
You feel better. The ice beast hits you.
* * * LOW HITPOINT WARNING * * *
The ice beast freezes you!
You die...

........# ......
........######......
....................
..............#####
..............#...##
..............')...#
..............#....#
...#####......#Y####
... #######..@..#
#.....# #.....#
#.....# #.....#
#######


You could see an ice beast.

Vanquished Creatures
  2 ogres
  A centaur (D:5)
  2 howler monkeys (D:4)
  A crimson imp (D:5)
  A hound (D:5)
  Crazy Yiuf (D:3)
  An orc priest (D:3)
  Jessica (D:2)
  Natasha (D:3)
  2 worker ants
  A hound zombie (D:5)
  A gnoll (D:1)
  4 adders
  3 worms
  2 dart slugs (D:1)
  3 leopard geckos
  8 orcs
  A ball python (D:2)
  7 bats
  3 giant cockroaches
  6 goblins
  7 hobgoblins
  2 jackals (D:5)
  3 quokkas
  4 frilled lizards
  5 kobolds
  A leopard gecko skeleton (D:4)
  5 rats
  A bush (D:3)
80 creatures vanquished.

Vanquished Creatures (others)
  A bush (D:5)
1 creature vanquished.

Grand Total: 81 creatures vanquished

Notes
Turn   | Place    | Note
-------+----------+-------------------------------------------
     0 | D:1      | Leibowitz the Tengu Assassin began the quest for the Orb.
     0 | D:1      | Reached XP level 1. HP: 12/12 MP: 2/2
   139 | D:1      | Reached XP level 2. HP: 9/17 MP: 3/3
   406 | D:1      | Reached XP level 3. HP: 21/21 MP: 4/4
   970 | D:2      | Noticed Jessica
   975 | D:2      | Killed Jessica
   975 | D:2      | Reached skill level 1 in Armour
   975 | D:2      | Reached skill level 5 in Stealth
   975 | D:2      | Reached XP level 4. HP: 13/26 MP: 5/5
  1275 | D:2      | Found a radiant altar of Vehumet.
  1351 | D:3      | Noticed Natasha
  1359 | D:3      | Killed Natasha
  1359 | D:3      | Gained mutation: You can fly. [Tengu growth]
  1359 | D:3      | Reached XP level 5. HP: 31/31 MP: 6/6
  1399 | D:3      | Found a shattered altar of Ashenzari.
  1613 | D:3      | Found a basalt altar of Yredelemnul.
  1712 | D:3      | Noticed Natasha
  1781 | D:3      | Found a stormy altar of Qazlal.
  1812 | D:3      | Found an ancient bone altar of Kikubaaqudgha.
  2126 | D:3      | Found a runed door.
  2130 | D:3      | Noticed Crazy Yiuf
  2137 | D:3      | Killed Crazy Yiuf
  2173 | D:4      | Noticed an ogre
  2184 | D:4      | Killed an ogre
  2184 | D:4      | Reached XP level 6. HP: 36/36 MP: 7/7
  2292 | D:4      | Reached skill level 6 in Stealth
  2713 | D:5      | Entered Level 5 of the Dungeon
  2723 | D:5      | Found a blossoming altar of Fedhas.
  2799 | D:5      | Reached XP level 7. HP: 21/41 MP: 8/8
  3047 | D:5      | Found Liashre's Book Boutique.
  3609 | D:5      | Slain by an ice beast

Vault maps used:
D:1:      elethiomel_arrival_infinity_welcomes_careful_drivers,
          minmay_split_cup_large
D:2:      vehumet_crystals, first_ration, uniq_jessica
D:3:      nicolae_overflow_hidden_temple, kiku_gazebo_pond_becter,
          old_standard_altar, ashenzari_altar_1, grunt_qazlal_sundering,
          uniq_natasha, uniq_crazy_yiuf_cottage
D:5:      fedhas_bush_and_centaur_altar, serial_shops,
          nicolae_shop_competitors_out_of_business

Skill      XL: |  1  2  3  4  5  6  7 |
---------------+----------------------+-----
Armour         | 1 2 |  2.5
Stealth        | 5 6 |  6.8
Short Blades   | 3 4 |  4.6
Dodging        | 2 3 |  3.0
Fighting       | 3 |  3.2
Throwing       | |  2.8

Action                   |  1- 3 |  4- 6 |  7- 9 || total
-------------------------+-------+-------+-------++-------
Melee: Dagger            |    47 |   122 |    46 ||   215
       Peck              |     6 |    21 |     6 ||    33
       Kick              |     5 |    42 |    15 ||    62
 Fire: Blowgun           |     8 |     5 |       ||    13
 Abil: Fly               |       |     1 |       ||     1
  Use: Scroll            |       |     4 |     2 ||     6
       Potion            |       |     1 |     3 ||     4
 Stab: Sleeping          |     6 |     8 |     2 ||    16
       Distracted        |       |     2 |       ||     2
  Eat: Chunk             |       |     5 |     4 ||     9
Armor: Robe              |    11 |     8 |    13 ||    32
Dodge: Dodged            |    27 |    32 |    15 ||    74

Table legend:
 A = Non-vault XP
 B = Vault XP
 C = Vault XP percentage of total XP
 D = Non-vault monster count
 E = Vault monster count
 F = Vault count percentage of total count
                 A         B        C        D         E       F
            +---------+---------+-------+---------+---------+-------
      Total |     752 |     231 |  23.5 |      71 |       8 |  10.1
            +---------+---------+-------+---------+---------+-------
        D:1 |      49 |       6 |  10.9 |      20 |       4 |  16.7
        D:2 |      45 |      37 |  45.1 |      12 |       1 |   7.7
        D:3 |      76 |      76 |  50.0 |      15 |       2 |  11.8
        D:4 |     301 |       0 |   0.0 |      12 |       0 |   0.0
        D:5 |     281 |     112 |  28.5 |      12 |       1 |   7.7
            +---------+---------+-------+---------+---------+-------
